 Dungeon Crawl Stone Soup version 0.32-a0-814-g0968bab981 (webtiles) character file.

Game seed: 1462232323135171811

90 Ajdolov the Trooper (level 4, -1/41 HPs)
             Began as an Armataur Fighter on Mar 22, 2024.
             Slain by an orc
             ... wielding a +0 hand axe of venom
              (5 damage)
             ... on level 4 of the Dungeon.
             The game lasted 00:03:10 (2236 turns).

Ajdolov the Trooper (Armataur Fighter)              Turns: 2236, Time: 00:03:11

Health: -1/41      AC:  6    Str: 23    XL:     4   Next: 32%
Magic:  4/4        EV:  6    Int:  8    God:
Gold:   173        SH:  4    Dex: 10    Spells: 3/3 levels left

rFire   . . .        s - +0 whip (elec)
rCold   . . .        c - +0 buckler
rNeg    . . .        b - +0 scale mail
rPois   .            (no helmet)
rElec   .            (no cloak)
rCorr   +            (no gloves)
SInv    .            (no barding)
Will    .....        (no amulet) Stlth
                     h - ring of resist corrosion
HPRegen 0.26/turn    (no ring)
MPRegen 0.09/turn

%: roll
@: no status effects
A: large, deformed body, tough skin 3, armoured tail, rollpage 1
a: no special abilities


You were on level 4 of the Dungeon.
You visited 1 branch of the dungeon, and saw 4 of its levels.

You collected 173 gold pieces.

Inventory:

Hand Weapons
 a - a +0 flail
 s - a +0 whip of electrocution (weapon)
 v - a +0 morningstar
Missiles
 j - 3 boomerangs (quivered)
 y - 6 poisoned darts
Armour
 b - a +0 scale mail (worn)
 c - a +0 buckler (worn)
Jewellery
 h - a ring of resist corrosion (left hand)
 A - a ring of fire
Scrolls
 f - a scroll of revelation {unknown}
 g - a scroll of torment {unknown}
 i - 2 scrolls of enchant weapon {unknown}
 k - 2 scrolls of fear {unknown}
 l - 2 scrolls of enchant armour {unknown}
 n - a scroll of blinking {unknown}
 o - a scroll of silence {unknown}
 p - 4 scrolls of identify {unknown}
 q - a scroll of brand weapon {unknown}
 t - a scroll of teleportation {unknown}
 u - 3 scrolls of poison {unknown}
 w - a scroll of amnesia {unknown}
 z - a scroll of immolation {unknown}
 B - a scroll of fog {unknown}
Potions
 d - a potion of might
 e - a potion of cancellation {unknown}
 m - a potion of enlightenment {unknown}
 r - a potion of curing
 x - a potion of haste {unknown}


   Skills:
 * Level 4.7 Fighting
 - Level 1.7 Maces & Flails
 - Level 3.6 Armour
 - Level 3.2 Shields


You had 3 spell levels left.
You didn't know any spells.
Your spell library contained the following spells:

 Spells                   Type           Power      Damage    Failure   Level
 Apportation              Tloc           0%         N/A       78%         1
 Necrotise                Necr           0%         1d4       78%         1
 Shock                    Conj/Air       0%         1d3       78%         1
 Sting                    Conj/Alch      0%         1d3       78%         1
 Summon Small Mammal      Summ           0%         N/A       78%         1
 Swiftness                Air            0%         N/A       98%         3
 Airstrike                Air            0%         2d(0-16)  100%        4


Dungeon Overview and Level Annotations

Branches:
Dungeon (4/15)
 Temple: D:4-7

Altars:
Uskayaw


Innate Abilities, Weirdness & Mutations

Armour fits poorly on your strangely shaped body.
You have extremely tough skin. (AC +3)
You have a long armoured tail.
You regenerate magic when rolling toward enemies. (Rampage MPRegen)


Message History

An orc and an orc priest come into view.
The orc shouts!
The orc priest shouts!
An orc comes into view. It is wielding a +0 hand axe.
You roll towards the orc!
An adder comes into view.
You roll towards the orc priest!
You barely miss the orc priest.
The adder hisses angrily.
The orc hits you but does no damage.
You closely miss the orc priest.
The orc priest mumbles some strange prayers to Beogh against you.
Pain shoots through your body! You block the orc priest's attack.
The orc hits you but does no damage.
You are poisoned.
Unknown command.
You feel very sick.
The orc priest looks encouraged for a moment.
The orc hits you with a +0 hand axe of venom.
You are lethally poisoned!
The orc priest shouts, "The Pantheon deserves no one's loyalty.
Let us show you the true path!" (press Y on the ability menu to convert to Beogh)
You feel very sick.
* * * LOW HITPOINT WARNING * * *
You feel very sick.
* * * LOW HITPOINT WARNING * * *
You feel very sick. The orc attacks as it pursues you!
You block the orc's attack.
It was a potion of curing.
You feel better. The orc hits you but does no damage.
Unknown command.
The orc priest casts a cantrip, but nothing happens.
The orc priest miscasts a cantrip.
The orc attacks as it pursues you! You block the orc's attack.
The orc priest calls down the wrath of Beogh upon you.
Beogh smites you!
* * * LOW HITPOINT WARNING * * *
The orc attacks as it pursues you! The orc barely misses you.
You see here a ribbon worm corpse.
The orc attacks as it pursues you!
The orc hits you with a +0 hand axe of venom.
You die...

#...##o#####.#..###
## #..............
###.#####.#..#..
#.# .#$.### ####o#
.# #####....#####.#
........S.......
#####.#o######.#
#.#@# # #.# #.# #.#
#<# ###


You could see an adder and 2 orcs.

Vanquished Creatures
  2 adders (D:3)
  2 dart slugs
  A ribbon worm (D:4)
  An orc (D:3)
  5 endoplasms
  4 giant cockroaches
  5 goblins
  3 hobgoblins
  11 jackals
  7 ball pythons
  5 bats
  4 frilled lizards
  4 kobolds
  7 rats
61 creatures vanquished.

Notes
Turn   | Place    | Note
-------+----------+-------------------------------------------
     0 | D:1      | Ajdolov the Armataur Fighter began the quest for the Orb.
     0 | D:1      | Reached XP level 1. HP: 18/18 MP: 1/1
    40 | D:1      | Reached skill level 3 in Fighting
    49 | D:1      | Reached XP level 2. HP: 22/26 MP: 2/2
   382 | D:1      | Reached XP level 3. HP: 33/33 MP: 3/3
   526 | D:1      | Reached skill level 4 in Fighting
   925 | D:2      | Found a hide-covered altar of Uskayaw.
  1281 | D:2      | Noticed an ogre
  1812 | D:3      | Found a faded altar of an unknown god.
  1958 | D:3      | Reached XP level 4. HP: 41/41 MP: 4/4
  2226 | D:4      | HP: 2/41 [orc priest/divine providence (15)]
  2236 | D:4      | Slain by an orc

Illustrated notes

Levels and vault maps discovered:
D:1:      shiori_shiawase, layout_basic, hangedman_decor_points,
          minmay_tetromino_i4
D:2:      minmay_general_purpose_star, layout_rooms, basic_altar, kennysheep_nub
D:3:      layout_basic, ebering_ecumenical_altar_rust
D:4:      layout_basic, kennysheep_mini, trog_wizard, serial_shops,
          nicolae_shop_hallway_plus, nicolae_shop_distant_corner_stores,
          uniq_menkaure

Skill      XL: |  1  2  3 |
---------------+----------+-----
Fighting       | 3 4 |  4.7
Maces & Flails | |  1.7
Armour         | |  3.6
Shields        | |  3.2

Action                     |  1- 3 |  4- 6 || total
---------------------------+-------+-------++-------
  Melee: Flail             |   113 |       ||   113
         Tailslap          |     9 |     2 ||    11
         Whip              |    50 |    19 ||    69
    Use: Potion            |       |     1 ||     1
 Armour: Scale mail        |   142 |    13 ||   155
  Dodge: Dodged            |    67 |     9 ||    76
  Block: Buckler           |    30 |     6 ||    36

Table legend: (Time is in decaauts)
 A = Elapsed time spent in this place.
 B = Non-inter-level travel time spent in this place.
 C = Inter-level travel time spent in this place.
 D = Time resting spent in this place.
 E = Time spent auto-exploring this place.
 F = Levels seen in this place.
 G = Mean time per level.
                   A        B        C        D        E       F      G
               +--------+--------+--------+--------+--------+-----+--------+
         Total |   2278 |   2127 |    151 |      0 |   1588 |   4 |  569.5 |
       Dungeon |   2278 |   2127 |    151 |      0 |   1588 |   4 |  569.5 |
               +--------+--------+--------+--------+--------+-----+--------+

Top non-repeatable levels by time:
     D:1: 1010 daAuts
     D:3: 637 daAuts
     D:2: 576 daAuts
     D:4: 53 daAuts
